 Dungeon Crawl Stone Soup version 0.25-b1-23-ge2ad7d536c (webtiles) character file.

Game seed: 15897942526764458977, levelgen mode: deterministic

123 shakethe the Skirmisher (level 4, -3/36 HPs)
             Began as a Demonspawn Fighter on May 28, 2020.
             Slain by a wight
             ... wielding a +0 hand axe
              (6 damage)
             ... on level 1 of the Dungeon.
             The game lasted 00:04:31 (2264 turns).

shakethe the Skirmisher (Demonspawn Fighter)        Turns: 2264, Time: 00:04:31

Health: -3/36      AC:  7    Str: 17    XL:     4   Next: 80%
Magic:  4/4        EV:  9    Int: 10    God:
Gold:   151        SH:  0    Dex: 12    Spells: 3/3 levels left

rFire    + . .     SeeInvis .   (no weapon)
rCold    x . .     Gourm    .   (no shield)
rNeg     . . .     Faith    .   b - +0 scale mail
rPois    .         Spirit   .   (no helmet)
rElec    .         Reflect  .   (no cloak)
rCorr    .         Harm     .   (no gloves)
MR       .....                  g - +0 pair of boots
Stlth    ..........             (no amulet)
HPRegen  0.12/turn              r - ring of fire
MPRegen  0.09/turn              (no ring)

@: heavily drained
A: claws 1, hooves 1, spiny 1
a: no special abilities


You were on level 1 of the Dungeon.
You were hungry.

You visited 1 branch of the dungeon, and saw 3 of its levels.

You collected 151 gold pieces.

Inventory:

Hand Weapons
 a - a +0 long sword
Armour
 b - a +0 scale mail (worn)
 g - a +0 pair of boots (worn)
 h - a +0 ring mail of poison resistance
Jewellery
 r - a ring of fire (left claw)
Wands
 q - a wand of acid (9)
Scrolls
 c - a scroll of fear {unknown}
 j - a scroll of remove curse {unknown}
 m - a scroll of enchant weapon {unknown}
 p - 3 scrolls of identify {unknown}
Potions
 d - 3 potions of might
 e - a potion of lignification {unknown}
 i - a potion of curing {unknown}
 k - 2 potions of magic {unknown}
 l - 2 potions of stabbing {unknown}
 o - 2 potions of brilliance {unknown}
Comestibles
 f - 7 rations


   Skills:
 + Level 3.6(1.4) Fighting
 - Level 2.8(0.7) Long Blades
 + Level 3.2(1.0) Armour
 + Level 0.6(0.0) Dodging
   Level 3.1(0.9) Shields
 * Level 1.1(0.0) Unarmed Combat


You had 3 spell levels left.
You didn't know any spells.
Your spell library was empty.

Dungeon Overview and Level Annotations

Branches:
Dungeon (3/15)

Altars:
The Shining One


Innate Abilities, Weirdness & Mutations

You have sharp fingernails.
You have large cloven feet.
You are partially covered in sharp spines.


Message History

The wight is struck by your spines. The wight hits you but does no damage.
You scratch the wight but do no damage.
The wight is almost destroyed.
The wight hits you with a +0 flail.
You feel drained.
You closely miss the wight.
The wight is almost destroyed.
The wight closely misses you.
You scratch the wight.
You destroy the wight!
Your base Unarmed Combat skill increases to level 1!
You barely miss the wight. The wight hits you with a +0 hand axe.
You scratch the wight but do no damage. The wight hits you with a +0 hand axe.
* * * LOW HITPOINT WARNING * * *
You feel drained.
You scratch the wight but do no damage. The wight hits you with a +0 hand axe.
* * * LOW HITPOINT WARNING * * *
You feel drained.
* * * LOW HITPOINT WARNING * * *
You scratch the wight but do no damage. The wight hits you with a +0 hand axe.
You die...

###### #..... #.....
#..... #.....
###########.....
########...........##..
#.....@z...............
#.######...........##..
#.# #...........##.. #.#
#...........####
###.######...........####
#..........#..#####......
#............>...........
#.....................###
#..................)..###


You could see a wight.

Vanquished Creatures
  A wight (D:1)
  2 adders (D:2)
  A gnoll (D:1)
  A dart slug (D:1)
  A leopard gecko (D:1)
  4 giant cockroaches
  6 goblins
  3 hobgoblins (D:2)
  5 jackals
  A quokka (D:2)
  A ball python (D:3)
  9 bats
  5 frilled lizards
  5 kobolds
  9 rats (D:1)
54 creatures vanquished.

Notes
Turn   | Place    | Note
-------+----------+-------------------------------------------
     0 | D:1      | shakethe the Demonspawn Fighter began the quest for the
                  | Orb.
     0 | D:1      | Reached XP level 1. HP: 18/18 MP: 1/1
   110 | D:1      | Gained mutation: You have large cloven feet. [demonic
                  | ancestry]
   110 | D:1      | Reached XP level 2. HP: 13/24 MP: 2/2
   838 | D:1      | Gained mutation: You are partially covered in sharp spines.
                  | [demonic ancestry]
   838 | D:1      | Reached XP level 3. HP: 29/29 MP: 3/3
  1657 | D:2      | Gained mutation: You have sharp fingernails. [demonic
                  | ancestry]
  1657 | D:2      | Reached XP level 4. HP: 32/35 MP: 4/4
  1893 | D:3      | Found a glowing golden altar of the Shining One.
  2260 | D:1      | Reached skill level 1 in Unarmed Combat
  2264 | D:1      | Slain by a wight

Illustrated notes

Levels and vault maps discovered:
D:1:      onia_arrival_handbag, layout_basic
D:2:      layout_loops_ring, first_ration
D:3:      minmay_recursive_quarters, layout_rooms,
          lemuel_coloured_pillars_altar, kennysheep_another_room, uniq_natasha,
          uniq_robin

Skill      XL: |  1  2  3  4 |
---------------+-------------+-----
Long Blades    | 2 |  2.8
Shields        | 3 |  3.1
Armour         | 3 |  3.2
Unarmed Combat | 1 |  1.1
Fighting       | |  3.6
Dodging        | |  0.6

Action                   |  1- 3 |  4- 6 || total
-------------------------+-------+-------++-------
Melee: Long sword        |   135 |     2 ||   137
       Kick              |    11 |       ||    11
       Unarmed           |       |    28 ||    28
  Eat: Chunk             |     3 |     1 ||     4
Armor: Scale mail        |    89 |    15 ||   104
Dodge: Dodged            |    42 |    21 ||    63
Block: Kite shield       |    75 |       ||    75
       Rpst.: Long sword |    11 |       ||    11
